cohdb
Replays
Latest Replays
All Replays
Popular Replays
Top Player Replays
Match Explorer
How It Works
Community
CoH3 Stats
Reddit
Sign in to upload your games and track your stats! →
Sign in with Steam
Match 40927027
Unlisted
Match 40927027
Overview
Messages
Build Orders
End
Pioneer Squad
Construct Infanterie Kompanie
Grenadier Squad
Grenadier Squad
Grenadier Squad
Construct Luftwaffe Kompanie
Flak 30 Anti-aircraft Gun Team
Flak 30 Anti-aircraft Gun Team
Luftwaffe Officer Quarters
221 Scout Car
^3
Apoptosis
0
0
Comments
sign in to comment!
No comments posted yet!